 Dungeon Crawl Stone Soup version 0.30.1-4-g462c640d31 (webtiles) character file.

Game seed: 803375791799760436

18 Peloso the Covered (level 2, 26/26 HPs)
             Began as an Armataur Fighter on Aug 22, 2023.
             Got out of the dungeon alive.
             The game lasted 00:02:42 (417 turns).

Peloso the Covered (Armataur Fighter)                Turns: 417, Time: 00:02:42

Health: 26/26      AC:  8    Str: 21    XL:     2   Next: 48%
Magic:  2/2        EV:  5    Int:  8    God:
Gold:   0          SH:  4    Dex:  9    Spells: 1/1 levels left

rFire   . . .        a - +0 long sword
rCold   . . .        c - +0 buckler
rNeg    . . .        e - +0 chain mail
rPois   .            (no helmet)
rElec   .            (no cloak)
rCorr   .            (no gloves)
SInv    .            (no barding)
Will    .....        (no amulet) Stlth
                     (no ring)
HPRegen 0.24/turn    (no ring)
MPRegen 0.08/turn

%: roll
@: no status effects
A: large, rugged brown scales 3, deformed body, armoured tail, roll, long
tongue, awkward tongue
a: no special abilities


You escaped.
You visited 1 branch of the dungeon, and saw 1 of its levels.

Inventory:

Hand Weapons
 a - a +0 long sword (weapon)
Armour
 b - a +0 scale mail
 c - a +0 buckler (worn)
 e - a +0 chain mail (worn)
 f - a +0 pair of boots
Jewellery
 g - an amulet of the acrobat
Scrolls
 h - a scroll of immolation {unknown}
Potions
 d - a potion of might


   Skills:
 + Level 2.8 Fighting
 + Level 2.1 Long Blades
 + Level 4.0 Armour
 + Level 0.1 Dodging
 + Level 3.5 Shields


You had one spell level left.
You didn't know any spells.
Your spell library was empty.

Dungeon Overview and Level Annotations

Branches:
Dungeon (1/15)

Altars:


Innate Abilities, Weirdness & Mutations

You are completely covered in rugged brown scales. (AC +3, +7% HP)
Armour fits poorly on your strangely shaped body.
You have a long armoured tail.
You roll when moving toward enemies. (Rampage)
Your long tongue fully drains potion bottles. (2x potion effects)
Your tongue gives you trouble enunciating. (1.5x scroll delay)


Message History

The endoplasm is severely wounded.
The endoplasm freezes you.
You are frozen.
The endoplasm hits you but does no damage.
The endoplasm barely misses you. You block the endoplasm's attack.
You barely miss the endoplasm.
The endoplasm is severely wounded.
The endoplasm hits you but does no damage.
The endoplasm hits you.
You hit the endoplasm.
You kill the endoplasm!
The endoplasm hits you.
Your Long Blades skill increases to level 2!
You see here a +0 pair of boots.
Found a coppery potion.
You slash the endoplasm!
You kill the endoplasm!
You see here a +0 pair of boots.
f - a +0 pair of boots Boots don't fit your feet!
g - an amulet of the acrobat Welcome back, Peloso the Armataur Fighter.
Press ? for a list of commands and other information.
You have nothing you can fire or use right now.
Okay, then.
(D) Dungeon
Where to? (? - help)
What level of the Dungeon? (default 1, ? - help)
h - a scroll labelled IDOCUXZ ALYCLOMN You open the door.
There is an open door here.
HP restored.
There is a large open door here.
There is a staircase leading out of the dungeon here.
Are you sure you want to leave the Dungeon?
This will make you lose the game! [Y]es or [N]o only, please.
Are you sure you want to leave the Dungeon?
This will make you lose the game!
Alright, then stay!
Are you sure you want to leave the Dungeon?
This will make you lose the game!
You have escaped!

##########
#@.P~≈≈≈P#
###..≈≈~≈#
#~.≈≈≈≈P#
#.≈~≈≈~P#
#P.~≈≈~~#
##.~≈≈~~#
##.≈~≈≈≈P#
#.~~≈~~P~#
#~.≈≈~≈PP#


There were no monsters in sight!

Vanquished Creatures
  2 ball pythons (D:1)
  3 endoplasms (D:1)
  5 giant cockroaches (D:1)
  A hobgoblin (D:1)
  A bat (D:1)
  2 kobolds (D:1)
  A rat (D:1)
15 creatures vanquished.

Notes
Turn   | Place    | Note
-------+----------+-------------------------------------------
     0 | D:1      | Peloso the Armataur Fighter began the quest for the Orb.
     0 | D:1      | Reached XP level 1. HP: 19/19 MP: 1/1
   138 | D:1      | Reached XP level 2. HP: 25/26 MP: 2/2
   242 | D:1      | Reached skill level 4 in Armour
   417 | D:$      | Got out of the dungeon alive.

Illustrated notes

Levels and vault maps discovered:
D:1:      lightli_arrival_windingriver, layout_loops_corners

Skill      XL: |  1  2 |
---------------+-------+-----
Armour         | 4 |  4.0
Long Blades    | 2 |  2.1
Fighting       | |  2.8
Dodging        | |  0.1
Shields        | |  3.5

Action                     || total
---------------------------++-------
  Melee: Long sword        ||    48
         Tailslap          ||     3
 Armour: Scale mail        ||    33
         Chain mail        ||    13
  Dodge: Dodged            ||    24
  Block: Buckler           ||    10
